MLB
BOSTON RED SOX @ NEW YORK YANKEES
10/11/2098
 
TOP OF THE 1ST
Boston Red Sox batting - Pitching for New York Yankees : RHP Josh Morgan
Pitching: RHP Josh Morgan
Batting: RHB Zane Wilder 0-0: Ball
1-0: Called Strike
1-1: Ball
2-1: Swinging Strike
2-2: Fly out, F9 (Flyball, 89M, EV 97.5 MPH)
Batting: LHB Michael Lindstrom 0-0: Foul Ball, location: 5SF
0-1: Ball
1-1: Ball
2-1: Ball
3-1: Base on Balls
Batting: SHB Alex Salazar 0-0: Ball
1-0: Swinging Strike
1-1: Called Strike
1-2: Strikes out swinging
Batting: RHB Joe Fowler 0-0: Ball
1-0: Foul Ball, location: 5F
1-1: Ball
2-1: Ball
3-1: Base on Balls
Michael Lindstrom to second
Batting: SHB Tyler Den Hartog 0-0: Ball
1-0: Foul Ball, location: 7LMF
1-1: Fly out, F8 (Flyball, 8RM, EV 96.3 MPH)
Top of the 1st over - 0 runs, 0 hits, 0 errors, 2 left on base; Boston 0 - New York 0
BOTTOM OF THE 1ST
New York Yankees batting - Pitching for Boston Red Sox : RHP Colin Marko
Pitching: RHP Colin Marko
Batting: LHB John Blair 0-0: Ball
1-0: Foul Ball, location: 5F
1-1: Foul Ball, location: 7LMF
1-2: Fly out, F8 (Flyball, 89M, EV 98.8 MPH)
Batting: SHB Seth Hardenbrook 0-0: Called Strike
0-1: Ball
1-1: Called Strike
1-2: Strikes out swinging
Batting: RHB Brandon Thomas 0-0: Called Strike
0-1: Ball
1-1: Ball
2-1: Foul Ball, location: 7LSF
2-2: Ball
3-2: Fly out, F3 (Popup, 3SF, EV 80.0 MPH)
Bottom of the 1st over - 0 runs, 0 hits, 0 errors, 0 left on base; Boston 0 - New York 0
TOP OF THE 2ND
Boston Red Sox batting - Pitching for New York Yankees : RHP Josh Morgan
Batting: RHB Nate Campbell 0-0: Ball
1-0: Ball
2-0: SINGLE (Line Drive, 89M, EV 90.0 MPH)
Batting: RHB Mike Tremblay 0-0: Reached on error, E5 (Groundball, 56S, EV 91.9 MPH)
Nate Campbell to second
Batting: LHB Justin Scappaticci 0-0: Swinging Strike
0-1: Foul Ball, location: 9LSF
0-2: SINGLE (Groundball, 6D, EV 98.8 MPH) (infield hit)
Nate Campbell to third
Mike Tremblay to second
Batting: RHB Cortez Peguero 0-0: Foul Ball, location: 3FF
0-1: Fly out, F3 (Popup, 3SF, EV 66.3 MPH)
Batting: RHB Zane Wilder 0-0: Ball
1-0: Fly out, F8 (Flyball, 89M, EV 92.5 MPH)
Runner from 3rd tags up, SCORES, throw by CF
Mike Tremblay to third
Batting: LHB Michael Lindstrom 0-0: Foul Ball, location: 2F
0-1: Foul Ball, location: 7LDF
0-2: Ball
1-2: Ground out 1-3 (Groundball, 13, EV 76.3 MPH)
Top of the 2nd over - 1 run, 2 hits, 1 error, 2 left on base; Boston 1 - New York 0
BOTTOM OF THE 2ND
New York Yankees batting - Pitching for Boston Red Sox : RHP Colin Marko
Batting: LHB Bill Hayden 0-0: Ball
1-0: SINGLE (Groundball, 6MD, EV 95.0 MPH)
Batting: RHB Zach Sterling 0-0: Fly out, F7 (Flyball, 7, EV 88.1 MPH)
Batting: LHB Ryan McCullough 0-0: Ball
1-0: Fielders Choice at 2nd, 3-6 (Groundball, 34S, EV 81.9 MPH)
Batting: RHB Aaron Comeaux 0-0: Called Strike
0-1: Swinging Strike
0-2: Foul Ball, location: 2F
0-2: Ground out 2-3 (Groundball, 2R, EV 70.0 MPH)
Bottom of the 2nd over - 0 runs, 1 hit, 0 errors, 1 left on base; Boston 1 - New York 0
TOP OF THE 3RD
Boston Red Sox batting - Pitching for New York Yankees : RHP Josh Morgan
Batting: SHB Alex Salazar 0-0: Foul Ball, location: 2F
0-1: Ball
1-1: Ball
2-1: Ball
3-1: Base on Balls
Batting: RHB Joe Fowler 0-0: Called Strike
0-1: Called Strike
0-2: Foul Ball, location: 9LDF
0-2: 2-RUN HOME RUN (Line Drive, 7LD, EV 99.4 MPH), Distance : 383 ft
Batting: SHB Tyler Den Hartog 0-0: Ball
1-0: Ground out 4-3 (Groundball, 4M, EV 85.6 MPH)
Batting: RHB Nate Campbell 0-0: Ball
1-0: Ground out 5-3 (Groundball, 56, EV 85.0 MPH)
Batting: RHB Mike Tremblay 0-0: Reached via error on a dropped throw from SS, E3 (Groundball, 6, EV 81.9 MPH)
Batting: LHB Justin Scappaticci 0-0: Called Strike
0-1: Foul Ball, location: 2F
0-2: Ball
1-2: Fly out, F7 (Flyball, 7, EV 90.6 MPH)
Top of the 3rd over - 2 runs, 1 hit, 1 error, 1 left on base; Boston 3 - New York 0
BOTTOM OF THE 3RD
New York Yankees batting - Pitching for Boston Red Sox : RHP Colin Marko
Batting: SHB Chris Clark 0-0: Ball
1-0: Called Strike
1-1: Called Strike
1-2: Ball
2-2: Fly out, F8 (Flyball, 78M, EV 80.0 MPH)
Batting: RHB Robby Junker 0-0: Fly out, F7 (Flyball, 78M, EV 94.4 MPH)
Batting: LHB John Blair 0-0: Called Strike
0-1: Reached on error, E9 (Flyball, 89M, EV 89.4 MPH)
Batting: SHB Seth Hardenbrook 0-0: Ball
1-0: Foul Ball, location: 3SF
1-1: Ball
2-1: Ball
3-1: SINGLE (Groundball, 34D, EV 103.1 MPH)
John Blair to third
Runner from 3rd tries for Home, SAFE, throw by RF to home
Batting: RHB Brandon Thomas 0-0: Swinging Strike
0-1: Ball
1-1: Ball
2-1: Foul Ball, location: 2F
2-2: Strikes out swinging
Bottom of the 3rd over - 1 run, 1 hit, 1 error, 1 left on base; Boston 3 - New York 1
TOP OF THE 4TH
Boston Red Sox batting - Pitching for New York Yankees : RHP Josh Morgan
Batting: RHB Cortez Peguero 0-0: Called Strike
0-1: Ball
1-1: Ball
2-1: Called Strike
2-2: Strikes out swinging
Batting: RHB Zane Wilder 0-0: Ground out 4-3 (Groundball, 4, EV 103.1 MPH)
Batting: LHB Michael Lindstrom 0-0: Ball
1-0: Called Strike
1-1: Ball
2-1: Ball
3-1: Base on Balls
Batting: SHB Alex Salazar 0-0: Called Strike
0-1: Swinging Strike
0-2: Strikes out swinging
Top of the 4th over - 0 runs, 0 hits, 0 errors, 1 left on base; Boston 3 - New York 1
BOTTOM OF THE 4TH
New York Yankees batting - Pitching for Boston Red Sox : RHP Colin Marko
Batting: LHB Bill Hayden 0-0: Swinging Strike
0-1: Swinging Strike
0-2: Strikes out swinging
Batting: RHB Zach Sterling 0-0: Called Strike
0-1: Ball
1-1: Foul Ball, location: 25F
1-2: Ball
2-2: Strikes out swinging
Batting: LHB Ryan McCullough 0-0: Called Strike
0-1: Called Strike
0-2: Strikes out swinging
Bottom of the 4th over - 0 runs, 0 hits, 0 errors, 0 left on base; Boston 3 - New York 1
TOP OF THE 5TH
Boston Red Sox batting - Pitching for New York Yankees : RHP Josh Morgan
Batting: RHB Joe Fowler 0-0: Called Strike
0-1: Swinging Strike
0-2: Ball
1-2: Ball
2-2: Ball
3-2: SINGLE (Groundball, 6S, EV 66.9 MPH) (infield hit)
Batting: SHB Tyler Den Hartog 0-0: Ball
1-0: Ball
2-0: Ball
Wild Pitch!
Joe Fowler to second
3-0: Called Strike
3-1: Called Strike
3-2: Ground out 4-3 (Groundball, 4, EV 109.4 MPH)
Joe Fowler to third
Batting: RHB Nate Campbell 0-0: Ground out 5-3 (Groundball, 5, EV 88.8 MPH)
Batting: RHB Mike Tremblay 0-0: Ball
1-0: Foul Ball, location: 2F
1-1: SINGLE (Groundball, 56D, EV 102.5 MPH)
Joe Fowler scores
Batting: LHB Justin Scappaticci 0-0: Ball
1-0: Called Strike
1-1: Ground out 4-3 (Groundball, 4MD, EV 108.1 MPH)
Top of the 5th over - 1 run, 2 hits, 0 errors, 1 left on base; Boston 4 - New York 1
BOTTOM OF THE 5TH
New York Yankees batting - Pitching for Boston Red Sox : RHP Colin Marko
Batting: RHB Aaron Comeaux 0-0: Ball
1-0: Swinging Strike
1-1: Called Strike
1-2: Fly out, F3 (Popup, 23F, EV 80.0 MPH)
Batting: SHB Chris Clark 0-0: Ball
1-0: Called Strike
1-1: Ball
2-1: Ball
3-1: Fly out, F8 (Flyball, 78M, EV 87.5 MPH)
Batting: RHB Robby Junker 0-0: Called Strike
0-1: Foul Ball, location: 9LMF
0-2: Ball
1-2: Foul Ball, location: 9LSF
1-2: Ground out 1-3 (Groundball, P, EV 68.8 MPH)
Bottom of the 5th over - 0 runs, 0 hits, 0 errors, 0 left on base; Boston 4 - New York 1
TOP OF THE 6TH
Boston Red Sox batting - Pitching for New York Yankees : RHP Josh Morgan
Batting: RHB Cortez Peguero 0-0: Called Strike
0-1: Called Strike
0-2: Ground out 5-3 (Groundball, 56S, EV 91.9 MPH)
Batting: RHB Zane Wilder 0-0: Ball
1-0: Swinging Strike
1-1: Ball
2-1: Fly out, F3 (Popup, 3SF, EV 85.0 MPH)
Batting: LHB Michael Lindstrom 0-0: Ball
1-0: Ball
2-0: Ball
3-0: Called Strike
3-1: Base on Balls
Batting: SHB Alex Salazar 0-0: Fly out, F8 (Flyball, 78XD, EV 95.6 MPH)
Top of the 6th over - 0 runs, 0 hits, 0 errors, 1 left on base; Boston 4 - New York 1
BOTTOM OF THE 6TH
New York Yankees batting - Pitching for Boston Red Sox : RHP Colin Marko
Batting: LHB John Blair 0-0: Ball
1-0: Called Strike
1-1: Foul Ball, location: 2F
1-2: Ball
2-2: DOUBLE (Line Drive, 89D, EV 110.0 MPH)
Batting: SHB Seth Hardenbrook 0-0: Foul Ball, location: 2F
0-1: Foul Ball, location: 7LSF
0-2: Ball
1-2: Strikes out looking
Batting: RHB Brandon Thomas 0-0: Foul Ball, location: 2F
0-1: Ball
1-1: 2-RUN HOME RUN (Flyball, 9D, EV 101.3 MPH), Distance : 372 ft
Batting: LHB Bill Hayden 0-0: Ball
1-0: Foul Ball, location: 9LMFF
1-1: Foul Ball, location: 7LMF
1-2: Ball
2-2: Ball
3-2: Foul Ball, location: 2F
3-2: Fly out, F8 (Flyball, 8LD, EV 98.8 MPH)
Batting: RHB Zach Sterling 0-0: Swinging Strike
0-1: Ball
1-1: Ball
2-1: Foul Ball, location: 9LSF
2-2: Foul Ball, location: 2F
2-2: Foul Ball, location: 25F
2-2: Foul Ball, location: 25F
2-2: Ground out 4-3 (Groundball, 4, EV 86.3 MPH)
Bottom of the 6th over - 2 runs, 2 hits, 0 errors, 0 left on base; Boston 4 - New York 3
TOP OF THE 7TH
Boston Red Sox batting - Pitching for New York Yankees : RHP Josh Morgan
Batting: RHB Joe Fowler 0-0: Foul Ball, location: 9LMF
0-1: Swinging Strike
0-2: Ball
1-2: Ball
2-2: Ball
3-2: Foul Ball, location: 9LDF
3-2: Base on Balls
Pitching: RHP David Hanks
Batting: SHB Tyler Den Hartog 0-0: Called Strike
0-1: Fly out, F8 (Flyball, 8LXD, EV 111.9 MPH)
Runner from 1st tags up, SAFE at 2nd
Batting: RHB Nate Campbell 0-0: Called Strike
0-1: Fly out, F7 (Flyball, 78M, EV 85.6 MPH)
Batting: RHB Mike Tremblay 0-0: Called Strike
0-1: Called Strike
0-2: Ball
1-2: Ground out 3-1 (Groundball, 34, EV 89.4 MPH)
Top of the 7th over - 0 runs, 0 hits, 0 errors, 1 left on base; Boston 4 - New York 3
BOTTOM OF THE 7TH
New York Yankees batting - Pitching for Boston Red Sox : RHP Colin Marko
Pitching: RHP James Spencer
Now at 3B: Pieter Janssen
Batting: LHB Ryan McCullough 0-0: Ball
1-0: Ball
2-0: Ball
3-0: Called Strike
3-1: Called Strike
3-2: Foul Ball, location: 7LMF
3-2: Strikes out swinging
Pinch Hitting: SHB Ethan Gavin 0-0: Ball
1-0: Swinging Strike
1-1: Called Strike
1-2: Foul Ball, location: 2F
1-2: Foul Ball, location: 2F
1-2: Fly out, F9 (Flyball, 9LSF, EV 85.6 MPH)
Batting: SHB Chris Clark 0-0: Called Strike
0-1: Ball
1-1: Fly out, F8 (Flyball, 78M, EV 91.3 MPH)
Bottom of the 7th over - 0 runs, 0 hits, 0 errors, 0 left on base; Boston 4 - New York 3
TOP OF THE 8TH
Boston Red Sox batting - Pitching for New York Yankees : RHP David Hanks
Now at 2B: Ethan Gavin
Now at SS: Chris Clark
Batting: LHB Justin Scappaticci 0-0: Swinging Strike
0-1: Ball
1-1: Fly out, F8 (Flyball, 8LM, EV 96.9 MPH)
Batting: RHB Cortez Peguero 0-0: Fly out, F7 (Line Drive, 7, EV 93.1 MPH)
Batting: RHB Zane Wilder 0-0: Fly out, F9 (Flyball, 9LD, EV 108.1 MPH)
Top of the 8th over - 0 runs, 0 hits, 0 errors, 0 left on base; Boston 4 - New York 3
BOTTOM OF THE 8TH
New York Yankees batting - Pitching for Boston Red Sox : RHP James Spencer
Batting: RHB Robby Junker 0-0: SINGLE (Line Drive, 89S, EV 91.3 MPH)
Batting: LHB John Blair 0-0: Called Strike
0-1: Swinging Strike
0-2: Foul Ball, location: 7LDF
0-2: Ball
1-2: Strikes out swinging
Batting: SHB Seth Hardenbrook 0-0: Called Strike
0-1: Fly out, F9 (Flyball, 9S, EV 91.9 MPH)
Batting: RHB Brandon Thomas 0-0: Ball
1-0: Called Strike
1-1: Ball
2-1: Foul Ball, location: 2F
2-2: Foul Ball, location: 2F
2-2: Strikes out swinging
Bottom of the 8th over - 0 runs, 1 hit, 0 errors, 1 left on base; Boston 4 - New York 3
TOP OF THE 9TH
Boston Red Sox batting - Pitching for New York Yankees : RHP David Hanks
Pitching: LHP Brandon Moore
Batting: LHB Michael Lindstrom 0-0: Foul Ball, location: 7LSF
0-1: Foul Ball, location: 2F
0-2: Ball
1-2: Foul Ball, location: 2F
1-2: SINGLE (Groundball, 34S, EV 91.3 MPH) (infield hit)
Batting: SHB Alex Salazar 0-0: Ball
1-0: Foul Ball, location: 7LSF
1-1: Fly out, F9 (Flyball, 9D, EV 98.8 MPH)
Batting: RHB Joe Fowler 0-0: Called Strike
0-1: Ball
1-1: Foul Ball, location: 9LDF
1-2: Ball
2-2: Foul Ball, location: 7LDF
2-2: Ball
3-2: Strikes out swinging
Batting: RHB Pieter Janssen 0-0: Ball
1-0: Called Strike
1-1: Ball
2-1: SINGLE (Line Drive, 7S, EV 98.1 MPH)
Michael Lindstrom to second
Batting: RHB Nate Campbell 0-0: Foul Ball, location: 25F
0-1: Fly out, F4 (Popup, 4S, EV 72.5 MPH)
Top of the 9th over - 0 runs, 2 hits, 0 errors, 2 left on base; Boston 4 - New York 3
BOTTOM OF THE 9TH
New York Yankees batting - Pitching for Boston Red Sox : RHP James Spencer
Pitching: RHP Eric Rendleman
Now in CF: Marquise Woods
Batting: LHB Bill Hayden 0-0: Called Strike
0-1: Swinging Strike
0-2: Ball
1-2: Ball
2-2: Foul Ball, location: 2LF
2-2: Strikes out swinging
Pinch Hitting: LHB Bobby Brown 0-0: Ball
1-0: Fly out, F8 (Flyball, S6, EV 91.3 MPH)
Batting: LHB Ryan McCullough 0-0: Fly out, F3 (Line Drive, 3, EV 73.8 MPH)
Bottom of the 9th over - 0 runs, 0 hits, 0 errors, 0 left on base; Boston 4 - New York 3
Wednesday, April 17th , 2024 - OOTP Baseball 24.11 Build 85